 Dungeon Crawl Stone Soup version 0.28.0 (webtiles) character file.

Game seed: 14017256930129185826

0 freelancePsychic the Sneak (level 1, -2/11 HPs)
             Began as a Vine Stalker Delver on Feb 17, 2022.
             Slain by Jessica (4 damage)
             ... on level 4 of the Dungeon.
             The game lasted 00:01:01 (154 turns).

freelancePsychic the Sneak (Vine Stalker Delver)     Turns: 154, Time: 00:01:02

Health: -2/11      AC:  3    Str: 14    XL:     1   Next: 0%
Magic:  0/2        EV: 11    Int: 10    God:
Gold:   2          SH:  0    Dex: 15    Spells: 0/0 levels left

rFire   . . .      SeeInvis .   a - +0 short sword
rCold   . . .      Faith    .   (no shield)
rNeg    . . .      Spirit   +   b - +0 leather armour
rPois   .          Reflect  .   (no helmet)
rElec   .          Harm     .   (no cloak)
rCorr   .          Rampage  .   (no gloves)
Will    .....                   (no boots)
Stlth   +++.......              (no amulet)
HPRegen 0.03/turn               (no ring)
MPRegen 0.08/turn               (no ring)

@: no status effects
A: fangs 2, magic shield, antimagic bite, no potion heal 2
a: no special abilities


You were on level 4 of the Dungeon.
You visited 1 branch of the dungeon, and saw 3 of its levels.

You collected 2 gold pieces.

Inventory:

Hand Weapons
 a - a +0 short sword (weapon)
Armour
 b - a +0 leather armour (worn)
 i - a +2 hat
Wands
 d - a wand of flame (13) {@v2}
 g - a wand of digging (3)
Scrolls
 c - a scroll of fog
 e - a scroll of fear
Potions
 h - a potion of heal wounds {unknown}


   Skills:
 + Level 2.6 Fighting
 + Level 1.7 Short Blades
 - Level 1.5 Dodging
 + Level 6.0 Stealth


You couldn't memorise any spells.
You didn't know any spells.
Your spell library was empty.

Dungeon Overview and Level Annotations

Branches:
Dungeon (5/15)
 Temple: D:4-7

Altars:

Annotations:
D:4 Jessica


Innate Abilities, Weirdness & Mutations

You have extremely sharp teeth.
When hurt, damage is shared between your health and your magic reserves.
Your bite disrupts and absorbs the magic of your enemies.
Potions cannot restore your health.


Message History

Found 17 gold pieces.
You feel yourself speed up. The orc closely misses you.
Found 5 gold pieces.
Found a scroll labelled FUPAGEMNYZ.
Found a stone staircase leading up.
A worm comes into view.
Found a stone staircase leading up.
There is a stone staircase leading up here.
You climb upwards.
The jackal barks! x3
Found four items.
Found a stone staircase leading down.
There is a stone staircase leading down here.
You see here a ring of positive energy.
Your extra speed is starting to run out.
Found a stone staircase leading down and a stone staircase leading up.
You feel yourself slow down.
There is a stone staircase leading up here.
You climb upwards.
The jackal barks! x2
Found a short sword.
There is a stone staircase leading down here.
You closely miss Jessica.
Jessica shouts!
You hear a bark!
A jackal comes into view.
Jessica closely misses you. Jessica misses you.
You climb downwards.
There is a stone staircase leading up here.
You barely miss Jessica. Your bite misses Jessica.
Jessica hits you with a +0 club.
You are too injured to fight recklessly!
You are too injured to fight recklessly!
You barely miss Jessica. Jessica closely misses you.
You hit Jessica.
Jessica is heavily wounded.
Jessica hits you with a +0 club!
* * * LOW HITPOINT WARNING * * *
You hit Jessica but do no damage.
Jessica is heavily wounded.
Jessica hits you with a +0 club.
You die...

..... #.# ....
#.#####.#
...############........
#................####>#
#.##############.# #.#
#.# #.# #.# #.# #.# #.#
#@# #.## #@# ...# #.#
#..# #.# ...# #.# ...#
#.# ...# #.# .... ..#
.#.##


You could see Jessica.

Vanquished Creatures (others)
  A plant (D:4)
1 creature vanquished.

Notes
Turn   | Place    | Note
-------+----------+-------------------------------------------
     0 | D:5      | freelancePsychic the Vine Stalker Delver began the quest
                  | for the Orb.
     0 | D:5      | Reached XP level 1. HP: 11/11 MP: 2/2
   147 | D:3      | Noticed Jessica
   154 | D:4      | Slain by Jessica

Illustrated notes

Levels and vault maps discovered:
D:3:      layout_basic, mainiacjoe_overflow_boulevard, minmay_pentomino_pile,
          uniq_jessica, uniq_terence, uniq_robin
D:4:      layout_basic, minmay_temple_entry_gardened_gates
D:5:      layout_gridville, led_xom_imps, kennysheep_boxes

Action                   || total
-------------------------++-------
Melee: Short sword       ||     5
  Use: Scroll            ||     1
       Potion            ||     1
Dodge: Dodged            ||     4
